 Dungeon Crawl Stone Soup version 0.30-a0-596-g0af90f9a20 (webtiles) character file.

Game seed: 8647358072479946577

6900 pokeman the Thaumaturge (level 10, -10/54 HPs)
             Began as a Deep Elf Hedge Wizard on Jan 6, 2023.
             Was a Believer of Vehumet.
             Mangled by a death yak (24 damage)
             ... on level 9 of the Dungeon.
             The game lasted 00:28:02 (9146 turns).

pokeman the Thaumaturge (Deep Elf Hedge Wizard)     Turns: 9146, Time: 00:28:02

Health: -10/54     AC:  8    Str:  7    XL:     10   Next: 79%
Magic:  22/30      EV: 18    Int: 30    God:    Vehumet [**....]
Gold:   1269       SH:  0    Dex: 14    Spells: 29/37 levels left

rFire   . . .      SeeInvis .    C - +8 quarterstaff of the Purse {elec, rPois}
rCold   . . .      Faith    .    (shield currently unavailable)
rNeg    . . .      Spirit   .    v - +2 robe {Will+}
rPois   +          Reflect  .    h - +2 hat
rElec   .          Harm     .    q - +1 cloak
rCorr   .          Rampage  .    (no gloves)
Will    ++...                    (no boots)
Stlth   ++                       (no amulet)
HPRegen 0.29/turn                G - +5 ring of evasion
MPRegen 0.22/turn                K - +6 ring of intelligence

@: no status effects
A: no striking features
a: Renounce Religion


You were on level 9 of the Dungeon.
You worshipped Vehumet.
Vehumet was pleased with you.
You visited 2 branches of the dungeon, and saw 10 of its levels.
You also visited: Bailey.

You collected 1362 gold pieces.
You spent 93 gold pieces at shops.

Inventory:

Hand Weapons
 f - a +3 short sword of venom
 n - the +4 spear "Witaunet" {freeze, Str+2 Int+5 Dex-2}
   (You found it on level 2 of the Dungeon)

   Str:       It affects your strength (+2).
   Int:       It affects your intelligence (+5).
   Dex:       It affects your dexterity (-2).
 p - a +3 quarterstaff of chaos
 C - the +8 quarterstaff of the Purse (weapon) {elec, rPois}
   (You found it on level 5 of the Dungeon)

   rPois:     It protects you from poison.
Missiles
 J - 2 throwing nets
Armour
 h - a +2 hat (worn)
 q - a +1 cloak (worn)
 v - a +2 robe of willpower (worn)
 F - a +0 kite shield
 Q - a +0 buckler
Magical Staves
 H - a staff of poison
Jewellery
 G - a +5 ring of evasion (left hand)
 K - a +6 ring of intelligence (right hand)
 P - an amulet of the acrobat
Wands
 b - a wand of flame (5)
 u - a wand of roots (24)
 D - a wand of charming (9)
Scrolls
 a - a scroll of enchant armour {unknown}
 c - 5 scrolls of teleportation {unknown}
 k - 9 scrolls of identify {unknown}
 l - 2 scrolls of butterflies {unknown}
 m - 3 scrolls of enchant weapon {unknown}
 s - a scroll of amnesia {unknown}
 x - 2 scrolls of blinking {unknown}
 y - a scroll of fog {unknown}
 z - a scroll of immolation {unknown}
 A - a scroll of brand weapon {unknown}
 I - a scroll of vulnerability {unknown}
 L - a scroll of magic mapping {unknown}
 N - a scroll of fear {unknown}
Potions
 d - 3 potions of magic
 e - 3 potions of heal wounds
 g - 9 potions of degeneration
 i - a potion of ambrosia {unknown}
 j - 4 potions of mutation {unknown}
 o - 3 potions of cancellation {unknown}
 r - 3 potions of brilliance {unknown}
 t - 6 potions of might {unknown}
 w - 2 potions of curing
 B - a potion of invisibility {unknown}
 E - a potion of haste {unknown}
 M - 4 potions of flight
 O - a potion of resistance {unknown}


   Skills:
 + Level 2.3 Fighting
 - Level 3.0 Armour
 - Level 3.0 Dodging
 - Level 3.0 Stealth
 - Level 4.1 Shields
 * Level 14.2 Spellcasting
 + Level 8.2 Conjurations
 + Level 7.5 Summonings
 - Level 1.1 Translocations
 - Level 1.0 Air Magic
 - Level 1.0 Poison Magic
 - Level 1.0 Evocations


You had 29 spell levels left.
You knew the following spells:

 Your Spells              Type           Power      Damage    Failure   Level
a - Magic Dart            Conj           100%       1d8       1%          1
b - Mephitic Cloud        Conj/Pois/Air  42%        N/A       1%          3
c - Call Imp              Summ           61%        N/A       1%          2
d - Blink                 Tloc           54%        N/A       2%          2

Your spell library contained the following spells:

 Spells                   Type           Power      Damage    Failure   Level
 Poisonous Vapours        Pois/Air       54%        N/A       2%          2
 Slow                     Hex            84%        N/A       2%          1
 Cigotuvi's Dreadful Rot  Necr/Pois/Air  50%        N/A       2%          2
 Sublimation of Blood     Necr           21%        N/A       3%          2
 Wereblood                Tmut           21%        N/A       3%          2
 Spider Form              Tmut/Pois      24%        N/A       5%          3
 Confusing Touch          Hex            21%        N/A       7%          3
 Ozocubu's Armour         Ice            21%        N/A       7%          3
 Vampiric Draining        Necr           21%        2d7       7%          3
 Dispel Undead            Necr           21%        3d11      22%         4
 Alistair's Intoxication  Tmut/Pois      16%        N/A       45%         5
 Conjure Ball Lightning   Conj/Air       24%        3x3d7     45%         6
 Borgnjor's Vile Clutch   Necr/Erth      10%        N/A       54%         5
 Summon Hydra             Summ           30%        N/A       65%         7
 Eringya's Noxious Bog    Tmut/Pois      12%        N/A       96%         6
 Death Channel            Necr           10%        N/A       98%         6
 Ozocubu's Refrigeration  Ice            10%        4d9       100%        7


Dungeon Overview and Level Annotations

Branches:
Dungeon (9/15)             Temple (1/1) D:7          Bailey (visited)
   Lair: D:8-11         Orc: D:9-12

Altars:
Dithmenos
Fedhas
Gozag
Hepliaklqana
Kikubaaqudgha
Makhleb
Nemelex Xobeh
Okawaru
Qazlal
Ru
Sif Muna
Trog
Uskayaw
Vehumet
Wu Jian
Xom
Yredelemnul
Zin
The Shining One

Shops:
D:1 *

Annotations:
D:8 2 transporters


Message History

Press: ? - help, Shift-Dir - straight line, f/p - killer bee
Aim: a killer bee (heavily wounded, confused, chance to affect: 86%)
The ball explodes into a vile cloud!
The stinking cloud engulfs the yak but does no damage.
The yak is almost dead.
The stinking cloud engulfs the killer bee but does no damage.
The killer bee is heavily wounded.
The stinking cloud engulfs the death yak but does no damage.
The death yak is severely wounded.
The stinking cloud engulfs you but does no damage.
The killer bee stings the death yak.
The yak is engulfed in noxious fumes.
The yak appears confused.
The yak gores something but does no damage.
The death yak is engulfed in noxious fumes.
The death yak appears confused.
The death yak gores something!!
Something gores the yak!
The yak is killed!
Vehumet accepts your kill.
Unknown command.
Unknown command.
You thump the killer bee!
Lightning courses through the killer bee!
You kill the killer bee!
Vehumet accepts your kill.
The death yak is engulfed in noxious fumes.
The death yak gores the death yak.
Unknown command.
You barely miss the death yak.
The death yak is severely wounded.
The death yak is engulfed in noxious fumes. x2
The death yak appears confused.
The death yak is engulfed in noxious fumes.
The death yak gores you!
You hit the death yak but do no damage.
The death yak is severely wounded.
The death yak is engulfed in noxious fumes.
The death yak gores you!!
* * * LOW HITPOINT WARNING * * *
The death yak attacks as you move away! The death yak gores you!!
You die...

#..#.......#..#
###..#.......#..##
#.'..'###'###'..'.
########.#..#.'...'.#5.##
.........#..#.#...#.#..##
.#######.'##'.#._.#.+##'.
###..#.#...#.#..#.
####..#.'...'.#..##
#Y@'..'###'###'..'.
.##.####°##..#.......#..##
......†Y°.#..#.......#..#.
...
.......†..###'###'###'####
... .###.###### .# #
#...## .Y #.## ## ##..##
Y$####..### ##.##
.#........ ###.###.##
......... .......<..


You could see 2 death yaks.

Vanquished Creatures
  A two-headed ogre (D:9)
  A death yak (D:9)
  An orc knight (Bailey)
  A hornet (D:6)
  A wraith (D:9)
  A yak (D:9)
  2 wyverns
  A water moccasin (D:9)
  7 orc warriors
  2 sky beasts (D:6)
  An ice beast (D:6)
  An ogre (D:5)
  A centaur (D:7)
  3 phantoms (D:5)
  A bullfrog (D:6)
  A necrophage (D:6)
  6 scorpions
  10 wights
  6 killer bees (D:9)
  2 howler monkeys
  9 hounds
  A jelly (D:4)
  Crazy Yiuf (D:2)
  2 orc priests (D:8)
  Jessica (D:3)
  A gnoll bouda (D:8)
  Natasha (thrice) (D:3)
  2 iguanas
  3 orc wizards
  Robin (D:3)
  20 gnolls
  7 adders
  2 ufetubi (D:7)
  A worm (D:2)
  A dart slug (D:2)
  27 orcs
  8 endoplasms
  3 giant cockroaches
  16 goblins
  8 hobgoblins
  10 jackals
  15 kobolds
  2 quokkas
  5 ball pythons
  4 bats (D:1)
  5 frilled lizards (D:1)
  6 rats
214 creatures vanquished.

Vanquished Creatures (collateral kills)
  A two-headed ogre (D:8)
  A gnoll sergeant (D:9)
  A wight (D:8)
  2 killer bees (D:9)
5 creatures vanquished.

Vanquished Creatures (others)
  6 fungi (D:5)
  5 plants
11 creatures vanquished.

Grand Total: 230 creatures vanquished

Notes
Turn   | Place    | Note
-------+----------+-------------------------------------------
     0 | D:1      | pokeman the Deep Elf Hedge Wizard began the quest for the
                  | Orb.
     0 | D:1      | Reached XP level 1. HP: 10/10 MP: 7/7
   180 | D:1      | Reached XP level 2. HP: 16/16 MP: 3/9
   415 | D:1      | Reached skill level 5 in Spellcasting
   415 | D:1      | Reached XP level 3. HP: 20/20 MP: 3/11
   419 | D:1      | Learned a level 3 spell: Mephitic Cloud
   422 | D:1      | Learned a level 2 spell: Call Imp
   425 | D:1      | Learned a level 2 spell: Blink
   657 | D:1      | Found Romathrito's Assorted Antiques.
  1063 | D:1      | Bought 3 scrolls labelled GOSEQUMAOCK for 72 gold pieces
  1098 | D:1      | Bought a viscous brown potion for 21 gold pieces
  1148 | D:2      | Reached skill level 1 in Fighting
  1148 | D:2      | Reached skill level 1 in Armour
  1485 | D:2      | Reached XP level 4. HP: 25/25 MP: 9/13
  1959 | D:2      | Identified the +4 spear "Witaunet" {freeze, Str+2 Int+5
                  | Dex-2}
  1972 | D:2      | Found a runed translucent door.
  1973 | D:2      | Noticed Crazy Yiuf
  1993 | D:2      | Killed Crazy Yiuf
  2429 | D:3      | Noticed Natasha
  2436 | D:3      | Killed Natasha
  2437 | D:3      | Reached skill level 6 in Spellcasting
  2437 | D:3      | Reached XP level 5. HP: 29/29 MP: 10/15
  2610 | D:3      | Noticed Robin
  2621 | D:3      | Killed Robin
  2730 | D:3      | Found a sacrificial altar of Ru.
  2742 | D:3      | Noticed Jessica
  2752 | D:3      | Killed Jessica
  2753 | D:3      | Reached skill level 1 in Poison Magic
  3029 | D:3      | Found an opulent altar of Gozag.
  3035 | D:3      | Noticed Natasha
  3040 | D:3      | Killed Natasha
  3521 | D:3      | Noticed Natasha
  3535 | D:3      | Killed Natasha
  3536 | D:3      | Reached skill level 1 in Air Magic
  3580 | D:4      | Reached XP level 6. HP: 30/34 MP: 7/17
  3594 | D:4      | Got the Secrets of Forms and Anemomancy
  3677 | D:4      | Reached skill level 1 in Evocations
  3913 | D:4      | Reached skill level 7 in Spellcasting
  3953 | D:4      | Found a glowing silver altar of Zin.
  4122 | D:4      | You fall into a shaft and drop 1 floor!
  4122 | D:5      | Entered Level 5 of the Dungeon
  4172 | D:5      | Found a shadowy altar of Dithmenos.
  4281 | D:5      | Reached XP level 7. HP: 38/39 MP: 3/20
  4343 | D:5      | Reached skill level 8 in Spellcasting
  4512 | D:5      | Found Duoqofo's Antique Weapon Shoppe.
  4717 | D:5      | Identified the +8 quarterstaff of the Purse {elec, rPois}
  4855 | D:5      | Reached skill level 9 in Spellcasting
  4855 | D:5      | Reached XP level 8. HP: 44/44 MP: 19/23
  5173 | D:6      | Reached skill level 5 in Conjurations
  5241 | D:6      | Reached skill level 1 in Shields
  5336 | D:6      | Found a stormy altar of Qazlal.
  5339 | D:6      | Noticed an air elemental
  5382 | D:6      | Noticed a hornet
  5399 | D:6      | Killed a hornet
  5400 | D:6      | Reached skill level 10 in Spellcasting
  5659 | D:6      | Found a glowing golden altar of the Shining One.
  6114 | D:7      | Found an ancient bone altar of Kikubaaqudgha.
  6128 | D:7      | Reached XP level 9. HP: 48/48 MP: 15/25
  6247 | D:7      | Reached skill level 11 in Spellcasting
  6247 | D:7      | Reached skill level 5 in Summonings
  6438 | D:7      | Found a staircase to the Ecumenical Temple.
  6453 | Temple   | Entered the Ecumenical Temple
  6465 | Temple   | Became a worshipper of Vehumet
  6759 | D:7      | Found a shimmering altar of Xom.
  6786 | D:8      | Upgraded the game from 0.30-a0-591-g3c58d2bc28 to
                  | 0.30-a0-596-g0af90f9a20
  6825 | D:8      | Noticed a two-headed ogre
  6846 | D:8      | Killed a two-headed ogre
  6847 | D:8      | Reached skill level 12 in Spellcasting
  7013 | D:8      | Noticed a meliai
  7014 | D:8      | Noticed a boulder beetle
  7015 | D:8      | Found a transporter.
  7023 | D:8      | Noticed a boulder beetle
  7106 | D:8      | Noticed a boulder beetle
  7106 | D:8      | Noticed a deep elf pyromancer
  7108 | D:8      | Found a transporter.
  7587 | D:8      | Reached * piety under Vehumet
  7587 | D:8      | Offered knowledge of Freeze by Vehumet.
  7793 | D:9      | Reached XP level 10. HP: 24/53 MP: 24/28
  7920 | D:9      | Found an ornate altar of the Wu Jian Council.
  7982 | D:9      | Noticed a two-headed ogre
  7990 | D:9      | Killed a two-headed ogre
  7991 | D:9      | Reached skill level 13 in Spellcasting
  8206 | D:9      | Found a flagged portal.
  8222 | Bailey   | Entered a bailey
  8416 | Bailey   | Noticed an orc knight
  8443 | Bailey   | Killed an orc knight
  8788 | D:9      | Noticed a death yak
  8788 | D:9      | Noticed a death yak
  8834 | D:9      | Killed a death yak
  8969 | D:9      | Reached ** piety under Vehumet
  8969 | D:9      | Offered knowledge of Poisonous Vapours by Vehumet.
  8992 | D:9      | Reached skill level 14 in Spellcasting
  9056 | D:9      | Found a hide-covered altar of Uskayaw.
  9081 | D:9      | Found an iron altar of Okawaru.
  9127 | D:9      | Noticed a death yak
  9146 | D:9      | Mangled by a death yak

Illustrated notes

Levels and vault maps discovered:
D:1:      lightli_arrival_statuegarden, layout_rooms, serial_shops,
          nicolae_shop_hallway_stairs, supply_closet_lemuel, minivault_26
D:2:      layout_basic, uniq_crazy_yiuf_cottage
D:3:      layout_loops_ring, nicolae_overflow_crystal_walls,
          nicolae_overflow_hidden_temple, st_stairs_2, uniq_natasha,
          uniq_jessica, uniq_robin
D:4:      layout_rooms, lemuel_crystal_altar, minmay_strange_pillars
D:5:      layout_basic, mainiacjoe_overflow_brackets, serial_shops, shop,
          st_stairs_3, dreamdust_gnoll_farm
D:6:      layout_gridville, nicolae_qazlal_style_of_elements,
          nicolae_tso_carved_into_rock
D:7:      layout_rooms, lemuel_round_altar, tgw_xom,
          minmay_temple_entry_gardened_gates
D:8:      gammafunk_sealed_arena, layout_basic
D:9:      layout_basic, mainiacjoe_overflow_24_doors, mainiacjoe_overflow_paths,
          minitemple, dpeg_lair_monsters, serial_rivers,
          chequers_serial_rivers_room_a, chequers_serial_rivers_micro_c,
          chequers_serial_rivers_marsh, chequers_serial_rivers_micro_e,
          chequers_serial_rivers_large_a, enter_bailey_7,
          nicolae_looking_at_the_future
Temple:   hellmonk_temple_rainy

Skill      XL: |  1  2  3  4  5  6  7  8  9 10 |
---------------+-------------------------------+-----
Spellcasting   | 5 6 7 9 10 12 14 | 14.2
Fighting       | 1 2 |  2.3
Armour         | 1 2 3 |  3.0
Conjurations   | 2 3 4 5 7 8 |  8.2
Stealth        | 3 |  3.0
Dodging        | 3 |  3.0
Poison Magic   | 1 |  1.0
Air Magic      | 1 |  1.0
Evocations     | 1 |  1.0
Summonings     | 2 3 4 6 7 |  7.5
Shields        | 2 3 4 |  4.1
Translocations | |  1.1

Action                   |  1- 3 |  4- 6 |  7- 9 | 10-12 || total
-------------------------+-------+-------+-------+-------++-------
Melee: Short sword       |     5 |    63 |    29 |       ||    97
       Quarterstaff      |       |       |   109 |    81 ||   190
 Cast: Magic Dart        |    90 |   109 |   123 |    41 ||   363
       Mephitic Cloud    |       |    11 |    31 |    25 ||    67
       Call Imp          |       |     2 |    10 |     4 ||    16
       Blink             |       |     1 |       |       ||     1
 Stab: Confused          |       |     3 |    12 |     9 ||    24
       Sleeping          |       |     1 |       |       ||     1
Armor: Robe              |     3 |    18 |    24 |    11 ||    56
Dodge: Dodged            |     5 |    41 |   109 |    66 ||   221

Table legend: (Time is in decaauts)
 A = Elapsed time spent in this place.
 B = Non-inter-level travel time spent in this place.
 C = Inter-level travel time spent in this place.
 D = Time resting spent in this place.
 E = Time spent auto-exploring this place.
 F = Levels seen in this place.
 G = Mean time per level.
                   A        B        C        D        E       F      G
               +--------+--------+--------+--------+--------+-----+--------+
         Total |   9217 |   8963 |    254 |    281 |   6925 |  11 |  837.9 |
       Dungeon |   8627 |   8380 |    247 |    196 |   6661 |   9 |  958.6 |
        Temple |     20 |     13 |      7 |      0 |      1 |   1 |   20.0 |
        Bailey |    568 |    568 |      0 |     85 |    262 |   1 |  568.0 |
               +--------+--------+--------+--------+--------+-----+--------+

Top non-repeatable levels by time:
     D:2: 1351 daAuts
     D:3: 1147 daAuts
     D:1: 1075 daAuts
     D:6: 1026 daAuts
     D:8: 935 daAuts
     D:5: 923 daAuts
     D:9: 909 daAuts
     D:7: 712 daAuts
  Bailey: 568 daAuts
     D:4: 547 daAuts
  Temple: 20 daAuts
